cohdb
Replays
Latest Replays
All Replays
Popular Replays
Top Player Replays
Match Explorer
How It Works
Community
CoH3 Stats
Reddit
Sign in to upload your games and track your stats! →
Sign in with Steam
Match 40973475
Unlisted
Match 40973475
Overview
Messages
Build Orders
End
Selects Airborne Battlegroup
Selects Heavy Machine Gun Paradrop
Selects Pathfinders
Pathfinder Squad
Construct Weapon Support Center
Sniper
M1919 Machine Gun Team
Sniper
Selects Smoke Bombing Run
Engineer Squad
Bazooka Squad
Construct Medical Station
快跑鸭队长
FIVE5th
xcpleo
Particycles
banksss33
Milliam
0
0
Comments
sign in to comment!
No comments posted yet!